 Seeded DCSS version 0.30-a0-394-g3e4acdb0ae (webtiles) character file.

Game seed: 20221205 (custom seed)

91 Nerdsrcool the Magician (level 4, -16/31 HPs)
             Began as a Djinni Conjurer on Dec 6, 2022.
             Killed from afar by a white imp (21 damage)
             ... with a puff of frost
             ... on level 3 of the Dungeon.
             The game lasted 00:04:51 (2059 turns).

Nerdsrcool the Magician (Djinni Conjurer)           Turns: 2059, Time: 00:04:52

Health: -16/31     AC:  2    Str:  6    XL:     4   Next: 88%
Gold:   113        EV: 12    Int: 21    God:
                   SH:  0    Dex: 12

rFire   + + .      SeeInvis +    d - +1 dagger (venom)
rCold   x . .      Faith    .    (no shield)
rNeg    . . .      Spirit   .    a - +0 robe
rPois   ∞          Reflect  .    (no helmet)
rElec   .          Harm     .    (no cloak)
rCorr   .          Rampage  .    (no gloves)
Will    .....                    (boots unavailable)
Stlth   ++........               (no amulet)
HPRegen 0.25/turn                r - ring of see invisible
MPRegen 0.00/turn                (no ring)

@: flying
A: sickness immunity, fire resistance 2, cold vulnerability 1, float, innate
caster, HP casting, extra vitality 1
a: no special abilities


You were on level 3 of the Dungeon.
You visited 1 branch of the dungeon, and saw 4 of its levels.

You collected 113 gold pieces.

Inventory:

Hand Weapons
 d - a +1 dagger of venom (weapon)
Missiles
 b - 2 poisoned darts
Armour
 a - a +0 robe (worn)
 e - a +0 ring mail
Jewellery
 r - a ring of see invisible (left hand)
Scrolls
 c - 2 scrolls of enchant armour {unknown}
 g - 2 scrolls of amnesia {unknown}
 h - a scroll of noise {unknown}
 i - 2 scrolls of teleportation {unknown}
 j - 3 scrolls of fear {unknown}
 k - a scroll of summoning {unknown}
 l - a scroll of enchant weapon {unknown}
 m - 2 scrolls of identify {unknown}
 o - a scroll of immolation {unknown}
Potions
 f - 2 potions of curing {unknown}
 n - a potion of brilliance {unknown}
 p - a potion of might {unknown}
 q - a potion of invisibility {unknown}


   Skills:
 + Level 2.2 Dodging
 + Level 1.9 Stealth
 + Level 4.5 Spellcasting


You couldn't memorise any spells.
You knew the following spells:

 Your Spells              Type           Power      Damage    Failure   Level
a - Magic Dart            Conj           92%        1d7       1%          1
b - Searing Ray           Conj           46%        2d6       2%          2
c - Dazzling Flash        Conj/Hex       46%        N/A       5%          3
d - Fulminant Prism       Conj/Hex       11%        3d9       17%         4
e - Iskenderun's Mystic   Conj/Tloc      23%        2d6       17%         4
f - Freeze                Ice            92%        1d9       1%          1
Your spell library was empty.

Dungeon Overview and Level Annotations

Branches:
Dungeon (4/15)
 Temple: D:4-7

Altars:
Ashenzari


Innate Abilities, Weirdness & Mutations

You are immune to sickness and miasma.
You are immune to poison.
Your flesh is very heat resistant. (rF++)
You are vulnerable to cold. (rC-)
You float through the air rather than walking.
You learn spells naturally, not from books.
Your magical power is your life essence.
You have superior vitality. (+4 MHP)


Message History

A white imp comes into view.
r - a ring of see invisible (left hand)
The magic dart hits the orc.
The orc is severely wounded.
The magic dart hits the orc.
The orc is almost dead.
The magic dart hits the orc.
You kill the orc!
The magic dart hits the iguana but does no damage.
The magic dart hits the iguana.
The iguana is moderately wounded.
The iguana bites you!
The magic dart hits the iguana.
The iguana is heavily wounded.
The iguana completely misses you.
The magic dart hits the iguana.
The iguana is severely wounded.
The iguana bites you.
The magic dart hits the iguana.
The iguana is severely wounded.
The iguana bites you!
* * * LOW HITPOINT WARNING * * *
The white imp completely misses you. The iguana attacks as you move away!
The iguana bites you.
* * * LOW HITPOINT WARNING * * *
The white imp attacks as you move away! The white imp barely misses you.
There is a stone staircase leading up here.
The white imp closely misses you. The iguana closely misses you.
You fly upwards.
There is a stone staircase leading down here.
Aiming: Freeze (safe; 1% risk of failure)
Press: ? - help, Q - select action, (/) - cycle Shift-Dir - straight line, f - iguana
Aim: an iguana (severely wounded)
You freeze the iguana.
You kill the iguana!
* * * LOW HITPOINT WARNING * * *
The white imp gestures at you. The puff of frost hits you!!
You feel a terrible chill!
Ouch! That really hurt!
You die...

#...<## ##........## # ..####
#..........# ###### ..#
#..........# #..... ..##
#..........# ###.#### #..##
#......)...# ##...# # ##..##
#..........#####).###### ###..#
##.........##....##.....
..##.#######.....5...........####
................@.#....####### #
..##..##########........###
..###....# ##..#####...# ### ###
#)...# #..########.###.### #
##...# #...............>.. #
#...# ##.########......#. #
##..#######.#####......##...
##### ##...........>...###..##.#.
....#######....#.##########....##


You could see a white imp.

Vanquished Creatures
  An iguana (D:3)
  3 adders
  A worm (D:3)
  3 dart slugs
  An orc (D:4)
  4 ball pythons
  6 bats
  2 endoplasms (D:1)
  2 giant cockroaches
  3 goblins
  7 hobgoblins
  A jackal (D:1)
  A quokka (D:2)
  4 frilled lizards
  8 kobolds
  8 rats
55 creatures vanquished.

Notes
Turn   | Place    | Note
-------+----------+-------------------------------------------
     0 | D:1      | Nerdsrcool the Djinni Conjurer began the quest for the Orb.
     0 | D:1      | Nerdsrcool set off with the following spells memorised:
                  | Magic Dart, Searing Ray, Dazzling Flash, Fulminant Prism,
                  | Iskenderun's Mystic Blast.
     0 | D:1      | Reached XP level 1. HP: 15/15 MP: 0/0
    57 | D:1      | Reached XP level 2. HP: 18/21 MP: 0/0
   319 | D:1      | Reached XP level 3. HP: 25/25 MP: 0/0
   319 | D:1      | Learned a level 1 spell: Freeze
   522 | D:1      | Reached skill level 4 in Spellcasting
   847 | D:2      | Reached XP level 4. HP: 30/31 MP: 0/0
  1167 | D:2      | Found a broken altar of Ashenzari.
  2059 | D:3      | Killed from afar by a white imp

Illustrated notes

Levels and vault maps discovered:
D:1:      dpeg_arrival_brainrot, layout_rooms
D:2:      layout_basic, basic_altar
D:3:      layout_rooms
D:4:      layout_basic, grunt_qazlal_sundering, nicolae_dithmenos_shadow_blocks,
          uniq_edmund

Skill      XL: |  1  2  3 |
---------------+----------+-----
Spellcasting   | 4 |  4.5
Dodging        | |  2.2
Stealth        | |  1.9

Action                   |  1- 3 |  4- 6 || total
-------------------------+-------+-------++-------
 Cast: Magic Dart        |    65 |    51 ||   116
       Freeze            |       |     1 ||     1
  Use: Potion            |     1 |       ||     1
Armor: Robe              |     6 |       ||     6
Dodge: Dodged            |     7 |     6 ||    13

Table legend: (Time is in decaauts)
 A = Elapsed time spent in this place.
 B = Non-inter-level travel time spent in this place.
 C = Inter-level travel time spent in this place.
 D = Time resting spent in this place.
 E = Time spent auto-exploring this place.
 F = Levels seen in this place.
 G = Mean time per level.
                   A        B        C        D        E       F      G
               +--------+--------+--------+--------+--------+-----+--------+
         Total |   2057 |   2031 |     26 |      0 |   1686 |   4 |  514.2 |
       Dungeon |   2057 |   2031 |     26 |      0 |   1686 |   4 |  514.2 |
               +--------+--------+--------+--------+--------+-----+--------+

Top non-repeatable levels by time:
     D:2: 895 daAuts
     D:1: 670 daAuts
     D:3: 478 daAuts
     D:4: 13 daAuts
